 Dungeon Crawl Stone Soup version 0.31.0-32-g396128a36d (webtiles) character file.

Game seed: 11917592761546533398

7362 Peloso the Carver (level 10, -1/88 HPs)
             Began as a Minotaur Fighter on Apr 13, 2024.
             Was a Follower of Okawaru.
             Slain by a troll (11 damage)
             ... on level 10 of the Dungeon.
             The game lasted 00:17:20 (9087 turns).

Peloso the Carver (Minotaur Fighter)                Turns: 9087, Time: 00:17:20

Health: -1/88      AC: 14    Str: 33    XL:     10   Next: 91%
Magic:  9/9        EV:  8    Int:  5    God:    Okawaru [*.....]
Gold:   427        SH: 18    Dex: 14    Spells: 9/9 levels left

rFire   . . .        b - +0 scimitar
rCold   . . .        d - +2 tower shield
rNeg    . . .        k - +0 plate armour
rPois   .            (helmet currently unavailable)
rElec   .            c - melded +0 cloak
rCorr   .            (gloves currently unavailable)
SInv    .            (boots currently unavailable)
Will    .....        (no amulet) Stlth
                     e - +6 ring of strength
HPRegen 0.34/turn    h - +6 ring of strength
MPRegen 0.11/turn

%: no passive effects
@: beast-form
A: beast (slay +1), horns 2, retaliatory headbutt
a: Begin Untransformation, Renounce Religion, Heroism


You were on level 10 of the Dungeon.
You worshipped Okawaru.
Okawaru was aware of your devotion.
You were a hulking beast.
You visited 2 branches of the dungeon, and saw 11 of its levels.

You collected 427 gold pieces.

Inventory:

Hand Weapons
 a - a +1 long sword
 b - a +0 scimitar (weapon)
Armour
 c - a +0 cloak (melded)
 d - a +2 tower shield (worn)
 k - a +0 plate armour (worn)
 z - a +1 scale mail of poison resistance
 B - a +0 pair of gloves
Jewellery
 e - a +6 ring of strength (left hand)
 h - a +6 ring of strength (right hand)
 t - a ring of wizardry
 C - a ring of protection from fire
 E - a +6 ring of intelligence
 H - a ring of protection from cold
Talismans
 q - a beast talisman (active)
 F - a serpent talisman
Wands
 o - a wand of flame (76)
 L - a wand of charming (7)
Scrolls
 f - 3 scrolls of enchant weapon
 g - a scroll of silence
 j - a scroll of amnesia {unknown}
 l - 7 scrolls of teleportation
 n - 2 scrolls of poison
 r - 3 scrolls of immolation
 u - a scroll of blinking
 v - 2 scrolls of revelation {unknown}
 y - a scroll of torment {unknown}
 D - a scroll of fog {unknown}
 G - 2 scrolls of summoning {unknown}
 J - a scroll of identify
Potions
 i - 4 potions of curing
 m - 3 potions of might
 p - a potion of haste
 s - 2 potions of brilliance
 w - a potion of ambrosia
 x - a potion of heal wounds
 A - a potion of berserk rage
 I - a potion of mutation {unknown}
 K - a potion of cancellation {unknown}


   Skills:
 + Level 8.2 Fighting
 + Level 12.0 Long Blades
 + Level 9.0 Armour
 + Level 3.3 Dodging
 + Level 1.0 Stealth
 + Level 10.4 Shields
 + Level 0.1 Evocations
 + Level 3.3 Shapeshifting


You had 9 spell levels left.
You didn't know any spells.
Your spell library contained the following spells:

 Spells                   Type           Power      Damage    Failure   Level
 Magic Dart               Conj           0%         1d3       100%        1
 Slow                     Hex            0%         N/A       100%        1
 Searing Ray              Conj           0%         2d4       100%        2
 Confusing Touch          Hex            0%         N/A       100%        3
 Frozen Ramparts          Ice            0%         1d1       100%        3
 Sigil of Binding         Hex            0%         N/A       100%        3
 Vampiric Draining        Necr           0%         2d6       100%        3
 Volatile Blastmotes      Fire/Tloc      0%         2d10      100%        3
 Anguish                  Hex/Necr       0%         N/A       100%        4
 Cause Fear               Hex            0%         N/A       100%        4
 Dimensional Bullseye     Hex/Tloc       0%         N/A       100%        4
 Fulminant Prism          Conj/Alch      0%         3d5       100%        4
 Iskenderun's Mystic Bla  Conj/Tloc      0%         2d3       100%        4
 Leda's Liquefaction      Alch/Erth      0%         N/A       100%        4
 Petrify                  Alch/Erth      0%         N/A       100%        4
 Metabolic Englaciation   Hex/Ice        0%         N/A       100%        5
 Enfeeble                 Hex            0%         N/A       100%        7
 Tukima's Dance           Hex            Unusable   N/A       N/A         3

Dungeon Overview and Level Annotations

Branches:
Dungeon (10/15)            Temple (1/1) D:6            Lair (0/5) D:8
    Orc (0/2) D:10

Altars:
Ashenzari
Cheibriados
Dithmenos
Elyvilon
Fedhas
Gozag
Hepliaklqana
Kikubaaqudgha
Makhleb
Nemelex Xobeh
Okawaru
Qazlal
Ru
Sif Muna
Trog
Uskayaw
Vehumet
Wu Jian
Xom
Yredelemnul
Zin
The Shining One


Innate Abilities, Weirdness & Mutations

You are a hulking beast.
Your limbs bulge with bestial killing power. (Slay +1)
You have a pair of horns on your head.
You reflexively headbutt those who attack you in melee.


Message History

You block the yak's attack.
You slash the yak! Your headbutt misses the yak.
The yak is almost dead.
You block the yak's attack.
You hit the yak but do no damage. You headbutt the yak.
The yak is almost dead.
The yak gores you but does no damage.
You closely miss the yak. You headbutt the yak.
You kill the yak!
Okawaru accepts your kill.
You hit the troll but do no damage. The troll bites you! The troll claws you.
You block the troll's attack.
You closely miss the troll. The troll bites you!
* * * LOW HITPOINT WARNING * * *
The troll barely misses you. x2
You slash the troll!
The troll is moderately wounded.
You block the troll's attack. x3
You slash the troll!
The troll is heavily wounded.
The troll bites you!
* * * LOW HITPOINT WARNING * * *
You block the troll's attack. x2
You hit the troll. Your headbutt misses the troll.
The troll is heavily wounded.
You block the troll's attack. x3
You slash the troll!
The troll is almost dead.
The troll bites you but does no damage. The troll claws you.
* * * LOW HITPOINT WARNING * * *
You block the troll's attack.
You hit the troll.
The troll is almost dead.
The troll bites you but does no damage. You block the troll's attack. x2
You hit the troll but do no damage.
The troll is almost dead.
You block the troll's attack. The troll claws you.
* * * LOW HITPOINT WARNING * * *
The troll claws you!
You die...

#.........# ###...######.
#.........# ##..#...8#. #
#Y.⌠O⌠..# ### ..#.)###. #
#.T...# #.# #.#_.....
....#...#....##.# #.#.)###.
#....#'#....###.######.#...8#.
######.###### #.....#..######.
#.....######.###.#.........
#.##......Th..# #.....<#####
.. ##########.###.###.## ##
#..........# #########..# #..#
.# #..# .# #..# .# #..# .#
#..#


You could see a troll.

Vanquished Creatures
  3 two-headed ogres
  A gargoyle (D:10)
  A komodo dragon (D:8)
  A troll (D:10)
  Sigmund (D:3)
  A wyvern (D:9)
  4 yaks
  A steam dragon (D:9)
  A basilisk (D:8)
  2 humans (D:10)
  Duvessa (D:4)
  3 orc warriors
  2 black bears (D:6)
  3 ogres
  2 centaurs
  A phantom (D:4)
  2 kobold brigands (D:8)
  A bullfrog (D:9)
  A gnoll sergeant (D:5)
  3 scorpions
  Dowan (D:4)
  12 wights
  2 howler monkeys (D:8)
  A jelly (D:7)
  2 bombardier beetles
  6 orc priests
  8 hounds
  2 gnoll boudas
  A sleepcap (D:6)
  Terence (D:3)
  11 orc wizards
  Ijyb (D:3)
  14 gnolls
  7 adders
  2 shadow imps (D:8)
  A ribbon worm (D:3)
  3 dart slugs
  24 orcs
  5 endoplasms
  7 giant cockroaches
  8 hobgoblins
  10 jackals
  2 quokkas
  8 ball pythons
  4 bats
  2 frilled lizards
  6 goblins
  10 kobolds
  8 rats
204 creatures vanquished.

Notes
Turn   | Place    | Note
-------+----------+-------------------------------------------
     0 | D:1      | Peloso the Minotaur Fighter began the quest for the Orb.
     0 | D:1      | Reached XP level 1. HP: 19/19 MP: 0/0
   149 | D:1      | Reached XP level 2. HP: 27/27 MP: 1/1
   766 | D:1      | Reached XP level 3. HP: 33/33 MP: 2/2
   777 | D:1      | Reached skill level 3 in Long Blades
  1510 | D:2      | Found a faded altar of an unknown god.
  1815 | D:3      | Noticed Sigmund
  1967 | D:3      | Reached XP level 4. HP: 41/41 MP: 3/3
  2040 | D:3      | Noticed Terence
  2071 | D:3      | Killed Terence
  2072 | D:3      | Reached skill level 4 in Long Blades
  2306 | D:4      | Noticed Dowan
  2380 | D:3      | Killed Sigmund
  2381 | D:3      | Reached skill level 5 in Long Blades
  2381 | D:3      | Reached skill level 5 in Armour
  2381 | D:3      | Reached skill level 1 in Dodging
  2381 | D:3      | Reached XP level 5. HP: 19/47 MP: 4/4
  2381 | D:3      | Reached XP level 6. HP: 22/55 MP: 5/5
  2543 | D:3      | Found a stormy altar of Qazlal.
  2607 | D:3      | Reached skill level 5 in Fighting
  2672 | D:3      | Noticed Ijyb
  2693 | D:3      | Killed Ijyb
  2856 | D:4      | Killed Dowan
  2890 | D:4      | Noticed Duvessa
  2901 | D:4      | Killed Duvessa
  3064 | D:4      | Reached XP level 7. HP: 48/61 MP: 6/6
  3398 | D:4      | Reached skill level 6 in Long Blades
  3398 | D:4      | Reached skill level 5 in Shields
  3762 | D:5      | Entered Level 5 of the Dungeon
  3907 | D:5      | Reached skill level 1 in Shapeshifting
  4058 | D:5      | Reached XP level 8. HP: 48/69 MP: 7/7
  4252 | D:5      | Found an opulent altar of Gozag.
  4389 | D:5      | Reached skill level 7 in Long Blades
  4943 | D:6      | Found a staircase to the Ecumenical Temple.
  4953 | Temple   | Entered the Ecumenical Temple
  5183 | D:6      | Reached skill level 8 in Long Blades
  5254 | D:6      | Reached skill level 1 in Stealth
  5470 | D:6      | Reached XP level 9. HP: 67/77 MP: 8/8
  5594 | D:7      | Reached skill level 9 in Long Blades
  6100 | D:7      | Found a sparkling altar of Nemelex Xobeh.
  6809 | D:8      | Found an ancient bone altar of Kikubaaqudgha.
  7070 | D:8      | Found a staircase to the Lair.
  7070 | D:8      | Noticed a komodo dragon
  7102 | D:8      | Killed a komodo dragon
  7106 | D:8      | Reached skill level 10 in Long Blades
  7902 | D:9      | Reached XP level 10. HP: 71/86 MP: 9/9
  8189 | D:9      | Noticed a two-headed ogre
  8194 | D:9      | Killed a two-headed ogre
  8372 | D:10     | Entered Level 10 of the Dungeon
  8372 | D:10     | Found a staircase to the Orcish Mines.
  8390 | D:10     | Reached skill level 11 in Long Blades
  8630 | D:10     | Noticed a two-headed ogre
  8640 | D:10     | Killed a two-headed ogre
  8755 | D:10     | Noticed a gargoyle
  8768 | D:10     | Killed a gargoyle
  8961 | D:10     | Found an iron altar of Okawaru.
  8969 | D:10     | Became a worshipper of Warmaster Okawaru
  8976 | D:10     | Reached skill level 10 in Shields
  9043 | D:10     | Noticed a two-headed ogre
  9068 | D:10     | Killed a two-headed ogre
  9068 | D:10     | Reached * piety under Okawaru
  9069 | D:10     | Reached skill level 12 in Long Blades
  9087 | D:10     | Slain by a troll

Illustrated notes

Levels and vault maps discovered:
D:1:      matt_arrival_los_fun, layout_basic, grunt_decor_cap,
          hangedman_decor_diamond_cutter, chequers_jeans
D:2:      layout_rooms, shapermc_ecumenical_altar_ellora
D:3:      layout_rooms, general_overflow_altar, uniq_terence, uniq_ijyb,
          uniq_sigmund
D:4:      kennysheep_spiral_hall, layout_basic, uniq_duvessa
D:5:      layout_basic, grunt_gozag_breadcrumbs
D:6:      layout_cave_pools, minmay_temple_entry_statues_fountains,
          kennysheep_diamond
D:7:      layout_loops_ring, nemelex_spade_bored_becter
D:8:      layout_basic, kennysheep_little_box, david_lair_shrubbed
D:9:      layout_cave_pools, minmay_misc_feat_rows
D:10:     kennysheep_ambush_hall, layout_loops_ring, okawaru_humans,
          david_orc_3, hangedman_abyss_or_decor_stabs, kennysheep_nondescript
Temple:   sentei_temple_godly_chess

Skill      XL: |  1  2  3  4  5  6  7  8  9 10 |
---------------+-------------------------------+-----
Fighting       | 4 5 6 7 8 |  8.2
Shields        | 4 5 7 8 10 | 10.4
Armour         | 4 5 6 8 9 |  9.0
Long Blades    | 3 5 6 8 10 12 | 12.0
Dodging        | 1 2 3 |  3.3
Shapeshifting  | 1 2 3 |  3.3
Stealth        | 1 |  1.0
Evocations     | |  0.1

Action                     |  1- 3 |  4- 6 |  7- 9 | 10-12 || total
---------------------------+-------+-------+-------+-------++-------
  Melee: Long sword        |   102 |   103 |   212 |       ||   417
         Headbutt          |    15 |    18 |    65 |    24 ||   122
         Scimitar          |       |       |   167 |   110 ||   277
  Evoke: Wand              |       |     3 |       |       ||     3
    Use: Potion            |     4 |     1 |       |       ||     5
         Scroll            |     6 |     4 |     3 |       ||    13
 Armour: Scale mail        |    96 |    69 |    61 |       ||   226
         Plate armour      |       |       |   106 |    55 ||   161
  Dodge: Dodged            |    66 |    63 |    69 |    19 ||   217
  Block: Buckler           |    32 |    16 |       |       ||    48
         Tower shield      |       |    25 |   359 |    98 ||   482
   Form: Beast             |       |     1 |       |       ||     1
